 Seeded DCSS version 0.30.1-11-g7821555f0a (webtiles) character file.

Game seed: 12756009894327649987 (custom seed)

494 Psyclone the Destroyer (level 7, 57/57 HPs)
             Began as a Gnoll Conjurer on Nov 6, 2023.
             Quit the game on level 2 of the Dungeon.
             The game lasted 00:05:34 (2706 turns).

Psyclone the Destroyer (Gnoll Conjurer)             Turns: 2706, Time: 00:05:34

Health: 57/57      AC:  2    Str:  6    XL:     7   Next: 15%
Magic:  18/18      EV: 14    Int: 19    God:
Gold:   135        SH:  0    Dex: 11    Spells: 18/21 levels left

rFire   . .          .
                       - Unarmed
rCold   . . .        (no shield)
rNeg    . . .        a - +0 robe
rPois   .            (no helmet)
rElec   .            (no cloak)
rCorr   .            (no gloves)
SInv    .            (no boots)
Will    .....        (no amulet)
Stlth   +++          (no ring)
HPRegen 0.29/turn    (no ring)
MPRegen 0.16/turn

%: no passive effects
@: no status effects
A: fangs 1, strong nose, distributed training
a: no special abilities


You were on level 2 of the Dungeon.
You visited 1 branch of the dungeon, and saw 2 of its levels.

You collected 135 gold pieces.

Inventory:

Armour
 a - a +0 robe (worn)
Jewellery
 d - a ring of flight
 f - a ring of positive energy
 g - an amulet of guardian spirit
Scrolls
 c - a scroll of noise {unknown}
 e - 2 scrolls of identify {unknown}
 i - a scroll of blinking {unknown}
 j - a scroll of magic mapping {unknown}
 l - a scroll of enchant weapon {unknown}
 m - a scroll of fear {unknown}
Potions
 b - a potion of magic
 h - a potion of might {unknown}
 k - a potion of curing {unknown}
 n - a potion of haste {unknown}
 o - 2 potions of degeneration {unknown}


   Skills:
 + Level 5.8 Fighting
 + Level 5.8 Short Blades
 + Level 5.8 Long Blades
 + Level 5.8 Axes
 + Level 5.8 Maces & Flails
 + Level 5.8 Polearms
 + Level 5.8 Staves
 + Level 5.8 Ranged Weapons
 + Level 5.8 Throwing
 + Level 5.8 Armour
 + Level 7.5 Dodging
 + Level 7.3 Stealth
 + Level 5.8 Shields
 + Level 5.8 Unarmed Combat
 + Level 7.8 Spellcasting
 + Level 8.7 Conjurations
 + Level 4.8 Hexes
 + Level 4.8 Summonings
 + Level 4.8 Necromancy
 + Level 4.8 Translocations
 + Level 4.8 Transmutations
 + Level 4.8 Fire Magic
 + Level 4.8 Ice Magic
 + Level 4.8 Air Magic
 + Level 4.8 Earth Magic
 + Level 4.8 Poison Magic
 + Level 6.4 Invocations
 + Level 5.8 Evocations


You had 18 spell levels left.
You knew the following spells:

 Your Spells              Type           Power      Damage    Failure   Level
a - Magic Dart            Conj           100%       1d8       1%          1
b - Searing Ray           Conj           80%        2d7       1%          2

Your spell library contained the following spells:

 Spells                   Type           Power      Damage    Failure   Level
 Dazzling Flash           Conj/Hex       66%        N/A       1%          3
 Fulminant Prism          Conj/Hex       16%        3d11      5%          4
 Iskenderun's Mystic Bla  Conj/Tloc      33%        2d8       5%          4


Dungeon Overview and Level Annotations

Branches:
Dungeon (2/15) Zot: 9288

Altars:

Annotations:
D:1 exclusion: downstairs


Innate Abilities, Weirdness & Mutations

You have very sharp teeth.
Your uncanny sense of smell can sniff out nearby items.
Your experience applies equally to all skills.


Message History

You see here a +0 scale mail.
There is an open door here.
You open the door.
There is an open door here.
There is an open door here.
There is an open door here.
There is an open door here.
MP restored: 18 You open the door.
Crazy Yiuf shouts!
Casting: Magic Dart (safe; 1% risk of failure)
Confirm with . or Enter, or press ? or * to list all spells.
Aiming: Searing Ray (safe; 1% risk of failure)
Press: ? - help, Shift-Dir - straight line, f - Crazy Yiuf
Aim: Crazy Yiuf, wielding a +4 quarterstaff of chaos and wearing a +0 cloak (84% to hit)
The searing ray hits Crazy Yiuf.
Crazy Yiuf is moderately wounded. (Press . to maintain the ray.)
You now have 16/18 mp.
The searing ray hits Crazy Yiuf!
Crazy Yiuf is severely wounded.
You now have 15/18 mp.
The searing ray hits Crazy Yiuf!
Crazy Yiuf is almost dead.
Crazy Yiuf hits you with a +4 quarterstaff of chaos.
You take 6 damage, and have 51/57 hp.
You now have 14/18 mp.
The searing ray hits Crazy Yiuf.
You kill Crazy Yiuf!
You finish channelling your searing ray.
You now have 13/18 mp.
There is an open translucent door here.
Things that are here:
a +4 quarterstaff of chaos; a +0 cloak HP restored.
You see here a +1 hammer of holy wrath.
Health restored: 57; MP restored: 18 Done exploring.
Unknown command.
Unknown command.
Are you sure you want to abandon this character and quit the game? (Confirm with "yes".)

#...#.........##.......#
#
#...#.........######.###
# #...#...####### #.# #
#...##'## #.# # #...##.#
### ### #...#..# #..
#...#..# #.. ##..'..#
##### ♣♣####..
##########..# #@..#♣♣
♣♣..+.#.. #........'..#
#...).♣♣♣♣........
#.########..#
#...#♣..♣......... #.#
##.# #####♣♣♣.♣...+..##
#.# #.# ♣♣♣♣♣##### #.#
#.# #.#
#.####################
#.#
#.##.#....#...........
#.#
#.##.###.#############


There were no monsters in sight!

Vanquished Creatures
  Crazy Yiuf (D:2)
  2 orc priests (D:2)
  3 gnolls (D:2)
  An adder (D:2)
  A worm (D:2)
  A dart slug (D:2)
  3 orcs (D:2)
  A ball python (D:1)
  3 bats
  5 endoplasms
  A giant cockroach (D:1)
  7 hobgoblins
  4 quokkas (D:1)
  2 frilled lizards
  6 goblins
  A kobold (D:2)
42 creatures vanquished.

Notes
Turn   | Place    | Note
-------+----------+-------------------------------------------
     0 | D:1      | Psyclone the Gnoll Conjurer began the quest for the Orb.
     0 | D:1      | Reached XP level 1. HP: 13/13 MP: 6/6
   213 | D:1      | Reached XP level 2. HP: 19/19 MP: 3/7
   416 | D:1      | Found a faded altar of an unknown god.
   820 | D:1      | Learned a level 2 spell: Searing Ray
   907 | D:2      | Reached skill level 5 in Spellcasting
   907 | D:2      | Reached XP level 3. HP: 25/25 MP: 3/9
  1059 | D:1      | Reached skill level 1 in Invocations
  1250 | D:2      | Reached skill level 1 in Fighting
  1250 | D:2      | Reached skill level 1 in Short Blades
  1250 | D:2      | Reached skill level 1 in Long Blades
  1250 | D:2      | Reached skill level 1 in Axes
  1250 | D:2      | Reached skill level 1 in Maces & Flails
  1250 | D:2      | Reached skill level 1 in Polearms
  1250 | D:2      | Reached skill level 1 in Staves
  1250 | D:2      | Reached skill level 1 in Ranged Weapons
  1250 | D:2      | Reached skill level 1 in Throwing
  1250 | D:2      | Reached skill level 1 in Armour
  1250 | D:2      | Reached skill level 1 in Shields
  1250 | D:2      | Reached skill level 1 in Unarmed Combat
  1250 | D:2      | Reached skill level 1 in Evocations
  1250 | D:2      | Reached XP level 4. HP: 32/32 MP: 6/11
  1319 | D:2      | Reached skill level 1 in Hexes
  1319 | D:2      | Reached skill level 1 in Summonings
  1319 | D:2      | Reached skill level 1 in Necromancy
  1319 | D:2      | Reached skill level 1 in Translocations
  1319 | D:2      | Reached skill level 1 in Transmutations
  1319 | D:2      | Reached skill level 1 in Fire Magic
  1319 | D:2      | Reached skill level 1 in Ice Magic
  1319 | D:2      | Reached skill level 1 in Air Magic
  1319 | D:2      | Reached skill level 1 in Earth Magic
  1319 | D:2      | Reached skill level 1 in Poison Magic
  1916 | D:2      | Reached XP level 5. HP: 37/37 MP: 5/12
  1916 | D:2      | Reached skill level 8 in Conjurations
  1916 | D:2      | Reached skill level 5 in Invocations
  1916 | D:2      | Reached XP level 6. HP: 49/49 MP: 5/15
  1917 | D:2      | Reached skill level 5 in Fighting
  1917 | D:2      | Reached skill level 5 in Short Blades
  1917 | D:2      | Reached skill level 5 in Long Blades
  1917 | D:2      | Reached skill level 5 in Axes
  1917 | D:2      | Reached skill level 5 in Maces & Flails
  1917 | D:2      | Reached skill level 5 in Polearms
  1917 | D:2      | Reached skill level 5 in Staves
  1917 | D:2      | Reached skill level 5 in Ranged Weapons
  1917 | D:2      | Reached skill level 5 in Throwing
  1917 | D:2      | Reached skill level 5 in Armour
  1917 | D:2      | Reached skill level 5 in Shields
  1917 | D:2      | Reached skill level 5 in Unarmed Combat
  1917 | D:2      | Reached skill level 5 in Evocations
  1917 | D:2      | Reached XP level 7. HP: 57/57 MP: 5/18
  2264 | D:2      | Found a runed translucent door.
  2265 | D:2      | Noticed Crazy Yiuf
  2676 | D:2      | Killed Crazy Yiuf
  2706 | D:2      | Quit the game

Illustrated notes

Levels and vault maps discovered:
D:1:      dpeg_arrival_pits, layout_basic, ebering_ecumenical_altar_box
D:2:      layout_basic, minmay_goblin_outpost, uniq_crazy_yiuf_cottage

Skill      XL: |  1  2  3  4  5  6 |
---------------+-------------------+-----
Spellcasting   | 5 6 7 |  7.8
Invocations    | 1 5 6 |  6.4
Fighting       | 1 4 5 |  5.8
Short Blades   | 1 4 5 |  5.8
Long Blades    | 1 4 5 |  5.8
Axes           | 1 4 5 |  5.8
Maces & Flails | 1 4 5 |  5.8
Polearms       | 1 4 5 |  5.8
Staves         | 1 4 5 |  5.8
Ranged Weapons | 1 4 5 |  5.8
Throwing       | 1 4 5 |  5.8
Armour         | 1 4 5 |  5.8
Shields        | 1 4 5 |  5.8
Unarmed Combat | 1 4 5 |  5.8
Evocations     | 1 4 5 |  5.8
Hexes          | 1 3 4 |  4.8
Summonings     | 1 3 4 |  4.8
Necromancy     | 1 3 4 |  4.8
Translocations | 1 3 4 |  4.8
Transmutations | 1 3 4 |  4.8
Fire Magic     | 1 3 4 |  4.8
Ice Magic      | 1 3 4 |  4.8
Air Magic      | 1 3 4 |  4.8
Earth Magic    | 1 3 4 |  4.8
Poison Magic   | 1 3 4 |  4.8
Dodging        | 6 7 |  7.5
Stealth        | 6 7 |  7.3
Conjurations   | 8 |  8.7

Action                     |  1- 3 |  4- 6 |  7- 9 || total
---------------------------+-------+-------+-------++-------
   Cast: Magic Dart        |    38 |     3 |    25 ||    66
         Searing Ray       |     8 |     3 |     1 ||    12
    Use: Potion            |       |     2 |       ||     2
 Armour: Robe              |     3 |       |       ||     3
  Dodge: Dodged            |    16 |     6 |     1 ||    23
